 Dungeon Crawl Stone Soup version 0.18-a0-1789-gbeff17f (webtiles) character file.

3449 Zhenya25pyc the Basher (level 10, -2/71 HPs)
             Began as a Gargoyle Fighter on Apr 21, 2016.
             Slain by a warg (3 damage)
             ... on level 8 of the Dungeon.
             The game lasted 00:17:35 (6873 turns).

Zhenya25pyc the Basher (Gargoyle Fighter)           Turns: 6873, Time: 00:17:35

Health: -2/71      AC: 17    Str: 22    XL:     10   Next: 6%
Magic:  10/10      EV:  7    Int: 10    God:
Gold:   441        SH:  9    Dex: 11    Spells: 0 memorised, 9 levels left

rFire  + + .     SeeInvis .     a - +0 flail
rCold  . . .     Gourm    .     b - +0 scale mail
rNeg   + . .     Faith    .     c - +0 shield
rPois  ∞         Spirit   .     n - +0 helmet
rElec  +         Dismiss  .     (no cloak)
rCorr  .         Reflect  .     (no gloves)
SustAt .         Harm     .     e - +0 pair of boots
MR     .....                    (no amulet)
Stlth  ..........               (no ring)
                                m - ring of flight

@: not resistant to hostile enchantments, extremely unstealthy
A: thin skeletal structure 1, fire resistance 2, negative energy resistance 1,
robust 1, electricity resistance, unbreathing, petrification resistance, rot
immunity, AC +7
a: Evoke Flight


You were on level 8 of the Dungeon.
You were not hungry.

You visited 1 branch of the dungeon, and saw 8 of its levels.
You also visited: Sewer.

You collected 491 gold pieces.
You spent 50 gold pieces at shops.

Inventory:

Hand Weapons
 a - a +0 flail (weapon)
Armour
 b - a +0 scale mail (worn)
 c - a +0 shield (worn)
 e - a +0 pair of boots (worn)
 n - a +0 helmet (worn)
 E - a +0 plate armour
Jewellery
 m - a ring of flight (left hand)
Wands
 o - a wand of random effects (29/48)
 F - a wand of flame (32/48)
 H - a wand of digging (16/24)
Scrolls
 g - 3 scrolls of random uselessness {unknown}
 h - 6 scrolls of fog
 i - 5 scrolls of teleportation {unknown}
 j - 7 scrolls of remove curse {unknown}
 p - 5 scrolls of fear {unknown}
 q - 2 scrolls of identify
 t - 3 scrolls of noise {unknown}
 w - 3 scrolls of magic mapping {unknown}
 y - 2 scrolls of blinking {unknown}
 C - a scroll of amnesia {unknown}
 D - a scroll of enchant armour {unknown}
 I - a scroll of enchant weapon {unknown}
Potions
 d - 3 potions of might
 k - 2 potions of resistance
 r - 2 potions of heal wounds
 s - 2 potions of degeneration
 x - 2 potions of haste
 z - 3 potions of curing
 A - a potion of brilliance
 K - a potion of berserk rage {unknown}
Comestibles
 f - 4 bread rations
 l - 4 meat rations
 u - 5 fruits
 v - 9 slices of pizza
 B - 2 royal jellies
 G - 4 beef jerkies


   Skills:
 + Level 8.6 Fighting
 * Level 10.0 Maces & Flails
 + Level 8.2 Armour
 - Level 3.2 Shields


You had 9 spell levels left.
You didn't know any spells.

Dungeon Overview and Level Annotations

Branches:
Dungeon (8/15)             Temple (0/1) D:7
   Lair: D:8-11

Altars:
Cheibriados
Gozag
Yredelemnul

Shops:
D:5 !

Annotations:
D:5 Prince Ribbit
D:8 Erolcha


Innate Abilities, Weirdness & Mutations

You are resistant to torment.
Your stone body is resilient (AC +7).
You are immune to poison.
You resist negative energy.
You are resistant to electric shocks.
You can survive without breathing.
You are immune to petrification.
You are immune to rotting.
You have a somewhat thin skeletal structure (Dex +2, Stealth).
Your flesh is very heat resistant.
You are robust (+10% HP).


Message History

The warg is heavily wounded.
You block the warg's attack. The warg bites you.
* * * LOW HITPOINT WARNING * * *
You sock the warg!
The warg is almost dead.
You block the warg's attack.
The orc priest calls down the wrath of Beogh upon you.
Beogh smites you!
* * * LOW HITPOINT WARNING * * *
You block the warg's attack. The warg bites you but does no damage.
The orc wizard casts a spell.
The orc wizard blinks!
You closely miss the warg.
The warg is almost dead.
The warg closely misses you. The warg barely misses you.
You closely miss the warg.
The warg is almost dead.
The orc wizard casts a spell.
The orc wizard blinks!
The warg bites you.
You die...

......##...#####..#
........h#.# ##.#
......#'##.# #.##
..... #.##'# ###..#
.... #≈Oo§####.##.#
... #≈≈≈a#...<##.#
.a ###≈h###...#.# .
##h#.......#
#@h.####### #####


You could see Erolcha, 3 wargs, a worker ant and an orc priest.

Vanquished Creatures
  Pikel (D:5)
  The ghost of Yehuk the Covered, an amateur DsFi (D:4)
  Grinder (D:5)
  A human (D:7)
  2 water moccasins
  2 orc warriors
  An ice beast (D:7)
  A sky beast (D:7)
  2 centaurs
  5 big kobolds
  3 giant frogs
  A scorpion (D:7)
  A howler monkey (D:5)
  2 crimson imps
  A centaur zombie (D:5)
  3 hounds
  3 jellies
  2 giant frog skeletons
  2 giant frog zombies
  2 orc priests
  A centaur skeleton (D:5)
  4 orc wizards
  2 iguanas
  4 worker ants
  4 sheep (D:7)
  A hound skeleton (D:7)
  12 adders
  A shadow imp (D:5)
  5 oozes (Sewer)
  An adder skeleton (D:7)
  5 worms
  A dart slug (D:1)
  2 giant geckos
  22 orcs
  6 giant cockroaches
  11 goblins
  8 hobgoblins
  8 jackals
  14 kobolds
  3 quokkas
  A ball python (Sewer)
  7 bats
  9 giant newts
  A quokka skeleton (D:5)
  8 rats
178 creatures vanquished.

Notes
Turn   | Place    | Note
--------------------------------------------------------------
     0 | D:1      | Zhenya25pyc the Gargoyle Fighter began the quest for the Orb.
     0 | D:1      | Reached XP level 1. HP: 14/14 MP: 1/1
    85 | D:1      | Reached XP level 2. HP: 18/19 MP: 2/2
   242 | D:1      | Reached XP level 3. HP: 14/23 MP: 3/3
   621 | D:2      | Reached skill level 3 in Maces & Flails
   728 | D:2      | Reached XP level 4. HP: 29/29 MP: 4/4
  1240 | D:3      | Reached XP level 5. HP: 33/33 MP: 5/5
  1379 | D:3      | Reached skill level 4 in Maces & Flails
  1713 | D:3      | Reached XP level 6. HP: 37/39 MP: 6/6
  1943 | D:4      | Found a glowing drain.
  1985 | Sewer    | Entered a sewer
  2230 | Sewer    | Reached skill level 5 in Fighting
  2382 | Sewer    | Reached skill level 5 in Maces & Flails
  2382 | Sewer    | Reached skill level 5 in Armour
  2382 | Sewer    | Reached XP level 7. HP: 39/44 MP: 7/7
  2548 | D:4      | Noticed Yehuk's ghost (amateur DsFi)
  3106 | D:4      | Reached skill level 6 in Maces & Flails
  3216 | D:4      | Killed Yehuk's ghost
  3216 | D:4      | Reached XP level 8. HP: 23/51 MP: 8/8
  3325 | D:5      | Entered Level 5 of the Dungeon
  3556 | D:5      | Noticed Prince Ribbit
  3595 | D:5      | Noticed Grinder
  3626 | D:5      | Paralysed by Grinder for 3 turns
  3632 | D:5      | Paralysed by Grinder for 7 turns
  3642 | D:5      | Killed Grinder
  3642 | D:5      | Reached skill level 7 in Maces & Flails
  3840 | D:5      | Found Qocaesup's Distillery.
  3922 | D:5      | Bought a potion of heal wounds for 50 gold pieces
  4141 | D:5      | Found an opulent altar of Gozag.
  4238 | D:5      | Noticed Pikel
  4267 | D:5      | Killed Pikel
  4267 | D:5      | Reached skill level 8 in Maces & Flails
  4267 | D:5      | Reached XP level 9. HP: 49/57 MP: 9/9
  4727 | D:6      | Found a snail-covered altar of Cheibriados.
  5378 | D:7      | Reached skill level 9 in Maces & Flails
  5625 | D:7      | Found a basalt altar of Yredelemnul.
  5893 | D:7      | Found a staircase to the Ecumenical Temple.
  6065 | D:7      | Gained mutation: Your flesh is heat resistant. [mutagenic meat]
  6066 | D:7      | Gained mutation: You have a somewhat thin skeletal structure (Dex +2, Stealth). [mutagenic meat]
  6068 | D:7      | Gained mutation: You are robust (+10% HP). [mutagenic meat]
  6069 | D:7      | Gained mutation: Your flesh is very heat resistant. [mutagenic meat]
  6544 | D:8      | Reached XP level 10. HP: 71/71 MP: 10/10
  6566 | D:8      | Reached skill level 10 in Maces & Flails
  6808 | D:8      | Noticed Erolcha
  6871 | D:8      | HP: 1/71 [orc priest/divine providence (12)]
  6873 | D:8      | Slain by a warg

Vault maps used:
D:1:      dpeg_arrival_subterranean_lakeside_camping
D:4:      portal_sewer_entry_d, first_bread
D:5:      serial_shops, shop_coins, grunt_gozag_breadcrumbs, uniq_grinder,
          uniq_pikel, uniq_prince_ribbit1
D:6:      cheibriados_altar_1
D:7:      minmay_temple_entry_from_below_b, basic_altar, grunt_livestock,
          serial_bayou_crossing
D:8:      erik_lair_orcish_takeover, enter_bailey_2, kennysheep_nondescript,
          uniq_psyche, uniq_erolcha
Sewer:    sewer_co_15_rooms

Skill      XL: |  1  2  3  4  5  6  7  8  9 10 |
---------------+-------------------------------+-----
Maces & Flails | 3 4 5 6 8 9 10 | 10.0
Fighting       | 4 5 7 8 |  8.6
Armour         | 4 5 7 8 |  8.2
Shields        | |  3.2

Action                   |  1- 3 |  4- 6 |  7- 9 | 10-12 || total
-------------------------+-------+-------+-------+-------++-------
Melee: Flail             |   151 |   335 |   526 |    39 ||  1051
 Abil: Evoke Flight      |       |       |     3 |       ||     3
       Stop Flying       |       |       |     2 |       ||     2
  Use: Scroll            |       |       |     5 |       ||     5
  Eat: Chunk             |       |     5 |    18 |     1 ||    24
       Pizza             |       |       |     1 |       ||     1
       Beef jerky        |       |       |     1 |       ||     1
       Fruit             |       |       |     1 |       ||     1
Armor: Scale mail        |   136 |   144 |   261 |    30 ||   571
Dodge: Dodged            |    79 |    75 |   115 |    18 ||   287
Block: Shield            |   126 |   137 |   192 |    26 ||   481
